 Dungeon Crawl Stone Soup version 0.22-a0-160-gcc81d7a (webtiles) character file.

32 theanonym the Vexing (level 3, -2/28 HPs)
             Began as a Mummy Enchanter on Feb 10, 2018.
             Slain by Natasha (4 damage)
             ... on level 2 of the Dungeon.
             The game lasted 00:01:43 (1361 turns).

theanonym the Vexing (Mummy Enchanter)              Turns: 1361, Time: 00:01:44

Health: -2/28      AC:  8    Str: 12    XL:     3   Next: 10%
Magic:  7/7        EV:  5    Int: 14    God:
Gold:   102        SH:  0    Dex: 12    Spells: 6/7 levels left

rFire    x . .     SeeInvis .   a - +1 dagger
rCold    + . .     Gourm    .   (no shield)
rNeg     + + +     Faith    .   d - +0 chain mail
rPois    ∞         Spirit   .   (no helmet)
rElec    .         Reflect  .   (no cloak)
rCorr    .         Harm     .   (no gloves)
MR       .....                  (no boots)
Stlth    ..........             (no amulet)
HPRegen  0.09/turn              (no ring)
MPRegen  0.10/turn              (no ring)

@: slowed, very slow
A: no food or potions, fire vulnerability, cold resistance 1, negative energy
resistance 3, torment resistance, unbreathing
a: no special abilities


Innate Abilities, Weirdness & Mutations

You do not eat or drink.
Your flesh is vulnerable to fire.
You are immune to poison.
Your flesh is cold resistant. (rC+)
You are immune to negative energy. (rN+++)
You are immune to unholy pain and torment.
You can survive without breathing.


   Skills:
 + Level 2.4 Fighting
 - Level 0.7 Short Blades
 + Level 0.9 Maces & Flails
 - Level 1.5 Dodging
 - Level 2.4 Stealth
 - Level 2.6 Spellcasting
 - Level 2.6 Hexes


You had 6 spell levels left.
You knew the following spells:

 Your Spells              Type           Power        Failure   Level  Hunger
a - Corona                Hex            #......      98%         1    N/A

Skill      XL: |  1  2 |
---------------+-------+-----
Fighting       | 1 2 |  2.4
Short Blades   | |  0.7
Maces & Flails | |  0.9
Dodging        | |  1.5
Stealth        | |  2.4
Spellcasting   | |  2.6
Hexes          | |  2.6

Action                   || total
-------------------------++-------
Melee: Dagger            ||   112
Armor: Chain mail        ||    77
       Robe              ||     3
Dodge: Dodged            ||    35

Inventory:

Hand Weapons
 a - a +1 dagger (weapon)
 e - a +0 club
   (You took it off a goblin on level 1 of the Dungeon)
Armour
 b - a +0 robe
 d - a +0 chain mail (worn)
   (You found it on level 1 of the Dungeon)
Scrolls
 f - a scroll of blinking {unknown}
Books
 c - a book of Maledictions


You were on level 2 of the Dungeon.
You were not hungry.

You visited 1 branch of the dungeon, and saw 2 of its levels.

You collected 102 gold pieces.

Dungeon Overview and Level Annotations

Branches:
Dungeon (2/15)

Altars:

Annotations:
D:2 Natasha

≈≈.##.###.#.#####
≈.(##.###.#'#####
≈.≈..........)..#
≈...............#
≈≈..............#
≈...............#
...######'####### #.. .
...#### #.#########....# #
......# #.......@h5....# #
#####.###..#######....###.#
## ..............#
#....#.#.. #.
##.#..........#
#...##.##.## ##.
#............# #...#...#..#
#.. ##...........#
#..##...##.###..
#...........#
#..#.....#..#...
#...........#
#..#.....#..#...
#......^....#
##..............#


You could see Natasha and a crimson imp.

Notes
Turn   | Place    | Note
-------+----------+-------------------------------------------
     0 | D:1      | theanonym the Mummy Enchanter began the quest for the Orb.
     0 | D:1      | Reached XP level 1. HP: 13/13 MP: 4/4
    99 | D:1      | Reached skill level 1 in Fighting
   534 | D:1      | Reached XP level 2. HP: 16/22 MP: 5/5
   771 | D:1      | Reached skill level 2 in Fighting
  1236 | D:2      | Reached XP level 3. HP: 26/28 MP: 7/7
  1282 | D:2      | Found a faded altar of an unknown god.
  1349 | D:2      | Noticed Natasha
  1356 | D:2      | HP: 9/28 [Natasha (6)]
  1359 | D:2      | HP: 2/28 [Natasha (4)]
  1361 | D:2      | Slain by Natasha

Vanquished Creatures
  An adder (D:2)
  2 leopard geckos
  4 bats
  3 goblins
  4 hobgoblins
  2 kobolds (D:1)
  A ball python (D:1)
  A frilled lizard (D:1)
  4 rats
22 creatures vanquished.

Table legend:
 A = Turns spent in this place as a percentage of turns spent in the entire game.
 B = Non-inter-level travel turns spent in this place as a percentage of non-inter-level travel turns spent in the entire game.
 C = Inter-level travel turns spent in this place as a percentage of turns spent in this place.
 D = Turns resting spent in this place as a percentage of non-inter-level travel turns spent in this place.
 E = Turns spent auto-exploring this place as a percentage of non-inter-level travel turns spent in this place.
 F = Non-inter-level travel turns spent in this place divided by the number of levels of this place that you've seen.
                   A       B       C       D       E      F
               +-------+-------+-------+-------+-------+----------------------
         Total | 100.0 | 100.0 |   2.3 |  21.3 |  62.9 | 665.0
       Dungeon | 100.0 | 100.0 |   2.3 |  21.3 |  62.9 | 665.0
               +-------+-------+-------+-------+-------+----------------------
